 Dungeon Crawl Stone Soup version 0.29-a0-197-ge3fb4bd5a4 (webtiles) character file.

Game seed: 15885652105320428485

151903 Angani the Gelid (level 17, -11/141 HPs)
             Began as a White Draconian Cinder Acolyte on Jan 29, 2022.
             Was a High Priest of Ignis.
             Killed from afar by a shock serpent (31 damage)
             ... with a bolt of electricity
             ... on level 3 of the Snake Pit on Feb 22, 2022.
             The game lasted 01:50:13 (44046 turns).

Angani the Gelid (White Draconian Cinder Acolyte)  Turns: 44046, Time: 01:50:13

Health: -11/141    AC: 15    Str: 22    XL:     17   Next: 1%
Magic:  28/33      EV: 14    Int: 26    God:    Ignis [*****.]
Gold:   2070       SH:  5    Dex: 10    Spells: 14/41 levels left

rFire   + + +      SeeInvis +   M - +8 quarterstaff of the Witching Wasp {vorpal, rPois rF++ SInv}
rCold   + . .      Faith    .   (shield currently unavailable)
rNeg    + + .      Spirit   .   (body armour unavailable)
rPois   +          Reflect  +   (helmet restricted)
rElec   .          Harm     .   L - scarf {repulsion}
rCorr   .          Rampage  +   Q - +2 pair of gloves {Dex+3}
Will    +....                   B - +2 pair of boots {rampage}
Stlth   +.........              i - amulet of reflection
HPRegen 0.33/turn               N - +6 ring of intelligence
MPRegen 0.23/turn               l - ring of Nodd {Wiz rN++ Str+3}

@: short of breath, repel missiles
A: breathe frost, AC +9, unfitting armour, cold resistance 1, cold-blooded
a: Breathe Frost, Renounce Religion, Fiery Armour, Foxfire Swarm, Rising Flame


You were on level 3 of the Snake Pit.
You worshipped Ignis.
Ignis was extremely pleased with you.
You visited 4 branches of the dungeon, and saw 26 of its levels.
You also visited: Sewer, Ossuary and Ice Cave.

You collected 3270 gold pieces.
You spent 1200 gold pieces at shops.

Inventory:

Hand Weapons
 M - the +8 quarterstaff of the Witching Wasp (weapon) {vorpal, rPois rF++ SInv}
   (You found it on level 4 of the Lair of Beasts)

   It inflicts extra damage upon your enemies.
   rF:        It greatly protects you from fire.
   rPois:     It protects you from poison.
   SInv:      It lets you see invisible.
Missiles
 q - 4 throwing nets (quivered)
Armour
 B - a +2 pair of boots of rampaging (worn)
 I - a +3 buckler of cold resistance
 L - a scarf of repulsion (worn)
 Q - a +2 pair of gloves of dexterity (worn)
Magical Staves
 a - a staff of cold
 p - a staff of fire
Jewellery
 i - an amulet of reflection (around neck)
 l - the ring of Nodd (right hand) {Wiz rN++ Str+3}
   (You acquired it on level 4 of the Dungeon)

   [ring of wizardry]

   It improves your spell success rate.
   Str:       It affects your strength (+3).
   rN:        It greatly protects you from negative energy.
 m - a ring of resist corrosion
 N - a +6 ring of intelligence (left hand)
 O - a ring of protection from cold
 U - a ring of willpower
Wands
 j - a wand of digging (26)
 n - a wand of flame (52)
 r - a wand of paralysis (2)
 t - a wand of iceblast (22)
 y - a wand of charming (6)
 C - a wand of polymorph (11)
 G - a wand of acid (3)
Scrolls
 b - 2 scrolls of torment
 c - 11 scrolls of teleportation
 e - 3 scrolls of immolation
 g - 2 scrolls of fear
 h - 6 scrolls of blinking
 v - 4 scrolls of fog
 x - a scroll of holy word
 A - 9 scrolls of identify
 F - 3 scrolls of summoning
 H - 4 scrolls of enchant weapon
 J - 2 scrolls of amnesia
 P - a scroll of magic mapping
 T - a scroll of enchant armour
Potions
 d - a potion of heal wounds
 f - 5 potions of lignification
 k - 6 potions of brilliance
 o - 19 potions of curing
 s - 4 potions of attraction
 u - 7 potions of might
 w - 6 potions of mutation
 z - a potion of resistance
 D - a potion of flight
 K - a potion of berserk rage
 R - 2 potions of ambrosia
 S - a potion of haste
Miscellaneous
 E - a condenser vane (inert)


   Skills:
 - Level 10.5 Fighting
 - Level 6.9 Dodging
 - Level 2.1 Shields
 - Level 10.5 Unarmed Combat
 + Level 12.6 Spellcasting
 - Level 10.1 Conjurations
 - Level 5.0 Necromancy
 - Level 5.9 Fire Magic
 + Level 20.8 Ice Magic
 - Level 10.0 Air Magic


You had 14 spell levels left.
You knew the following spells:

 Your Spells              Type           Power      Damage    Failure   Level
a - Scorch                Fire           94%        2d9       1%          2
b - Freezing Cloud        Conj/Ice/Air   36%        6-21      1%          5
c - Spellforged Servitor  Conj/Summ      21%        N/A       80%         7
d - Polar Vortex          Ice            45%        N/A       26%         9
e - Dispel Undead         Necr           42%        3d17      1%          4

Your spell library contained the following spells:

 Spells                   Type           Power      Damage    Failure   Level
 Apportation              Tloc           32%        N/A       1%          1
 Sting                    Tmut/Pois      64%        1d6       1%          1
 Summon Small Mammal      Summ           64%        N/A       1%          1
 Corpse Rot               Necr/Air       100%       N/A       1%          2
 Poisonous Vapours        Pois/Air       84%        N/A       1%          2
 Conjure Flame            Conj/Fire      55%        6-21      1%          3
 Dazzling Flash           Conj/Hex       84%        N/A       1%          3
 Ignite Poison            Fire/Tmut/Pois 26%        N/A       1%          3
 Animate Dead             Necr           21%        N/A       1%          4
 Flame Wave               Conj/Fire      55%        2d11      1%          4
 Iskenderun's Mystic Bla  Conj/Tloc      42%        2d10      1%          4
 Sticky Flame             Conj/Fire      55%        2d7       1%          4
 Iskenderun's Battlesphe  Conj           62%        2d11      1%          5
 Simulacrum               Ice/Necr       35%        N/A       1%          6
 Call Canine Familiar     Summ           16%        N/A       4%          3
 Summon Guardian Golem    Hex/Summ       16%        N/A       4%          3
 Starburst                Conj/Fire      27%        6d9       9%          6
 Olgreb's Toxic Radiance  Pois           16%        N/A       14%         4
 Borgnjor's Vile Clutch   Necr/Erth      14%        N/A       14%         5
 Death Channel            Necr           21%        N/A       26%         6
 Iron Shot                Conj/Erth      21%        9d5       26%         6
 Alistair's Intoxication  Tmut/Pois      10%        N/A       34%         5
 Summon Cactus Giant      Summ           8%         N/A       88%         6


Dungeon Overview and Level Annotations

Branches:
Dungeon (15/15) Temple (0/1) D:5 Lair (6/6) D:11 Shoals (0/4) Lair:4 Snake (3/4) Lair:4 Slime (0/5) Lair:6 Orc (2/2) D:10 Elf (0/3) Orc:2 Vaults (0/5) D:12 D:13 Depths (0/4) D:15 Sewer (visited) Ossuary (visited) IceCv (visited)

Altars:
Dithmenos
Fedhas
Okawaru
Sif Muna
Trog

Shops:
D:4 *[**   D:7 (   Orc:2 ?([!**!

Portals:
Trove: D:10 (give +6 demon trident)

Annotations:
D:11 Protee's ghost, journeyman DsCK
D:13 3 runed translucent doors, exclusion: 3 doors, Tehoodus's ghost, journeyman TeHu; Yorgos's ghost, journeyman MiBe
Snake:3 Nikola; Vashnia


Innate Abilities, Weirdness & Mutations

You can breathe waves of freezing cold which knock back foes.
Your icy white scales are hard. (AC +9)
You cannot fit into any form of body armour.
Your flesh is cold resistant. (rC+)
You are cold-blooded and may be slowed by cold attacks.


Message History

Aiming: Dig
Press: ? - help, Shift-Dir - straight line The rock shatters into small pieces.
The shock serpent hisses angrily.
The sea snake hisses angrily.
The shock serpent shoots out a bolt of lightning at you!
The bolt of electricity hits you!!
* * * LOW HITPOINT WARNING * * *
You hear an angry hiss.
The black mamba completely misses you. The black mamba misses you.
Casting: Freezing Cloud (safe; 1% risk of failure)
Confirm with . or Enter, or press ? or * to list all spells.
Aiming: Freezing Cloud (safe; 1% risk of failure)
Press: ? - help, Dir - move target The water moccasin is engulfed in freezing vapours.
The water moccasin seems to slow down.
You block the black mamba's attack.
The water moccasin is engulfed in freezing vapours.
The water moccasin seems to slow down.
You kill the water moccasin!
The sea snake is engulfed in freezing vapours.
The sea snake seems to slow down.
Unknown command.
Unknown command.
Aiming: Breathe Frost (1% risk of failure)
Press: ? - help, Shift-Dir - straight line You exhale a wave of freezing cold.
The freezing breath hits the black mamba!
The black mamba is moderately wounded.
The black mamba is blown backwards by the freezing wind.
The black mamba is engulfed in freezing vapours.
The black mamba seems to slow down.
The shock serpent is engulfed in freezing vapours.
The shock serpent seems to slow down.
The shock serpent shoots out a bolt of lightning at you!
The bolt of electricity hits the black mamba!!
The black mamba dies!
The bolt of electricity hits you!
* * * LOW HITPOINT WARNING * * *
The bolt of electricity hits you!!
You die...

#######
#§§§..###
##§S§.S..#
##§S...S...#
##.#####.....
#@## ##...
#.## .. #.# #
##


You could see a sea snake and a shock serpent (slow).

Vanquished Creatures
  A frost giant (IceCv)
  The ghost of Udem Wok the Cleaver, a journeyman DsGl of Okawaru (Lair:5)
  A dire elephant (Lair:5)
  Fannar (D:10)
  A fire dragon (Lair:6)
  5 boulder beetles
  8 hydras
  6 naga warriors
  4 ogre magi (Orc:2)
  4 centaur warriors
  2 catoblepae
  18 two-headed ogres
  2 anacondas
  7 naga sharpshooters
  12 death yaks
  7 shock serpents
  4 skeletal warriors
  A fire crab (Lair:5)
  2 salamander mystics (Snake:2)
  2 naga ritualists
  A lindwurm (Lair:6)
  A wizard (D:15)
  2 deep elf pyromancers (Orc:1)
  A necromancer (D:15)
  A swamp dragon (Lair:6)
  5 ugly things
  7 deep elf zephyrmancers (Orc:1)
  An orc sorcerer (D:15)
  8 mana vipers
  3 orc knights
  A cyclops (D:15)
  A manticore (D:12)
  10 salamanders (Snake:2)
  2 oklob plants (Lair:2)
  A guardian serpent (Snake:2)
  15 elephants
  An ice statue (IceCv)
  21 black mambas
  8 naga magi
  3 merfolk sirens (Lair:4)
  A gargoyle (D:12)
  2 kobold demonologists (D:12)
  8 cane toads
  A komodo dragon (shapeshifter) (D:14)
  4 rime drakes
  Maggie (D:7)
  3 efreet
  15 komodo dragons
  A freezing wraith (D:15)
  2 ice devils (Lair:6)
  3 tengu conjurers
  6 trolls
  A merfolk (Lair:4)
  3 hornets (Lair:5)
  22 polar bears
  3 raiju (Lair:6)
  4 slime creatures (D:14)
  6 dream sheep (Lair:4)
  A centaur simulacrum (D:15)
  10 blink frogs (Lair:6)
  2 shadows
  4 wyverns
  2 wraiths
  9 spriggans
  74 yaks
  4 basilisks
  15 humans
  5 steam dragons
  5 vampire mosquitoes
  9 wargs
  3 acid dragons
  12 hell hounds (Lair:6)
  18 water moccasins
  24 nagas
  37 orc warriors
  2 swamp drakes (Lair:6)
  An ice beast (D:7)
  2 sky beasts
  14 black bears
  A boggart (Lair:5)
  35 wolves
  15 centaurs
  25 ogres
  3 phantoms
  9 bullfrogs
  5 kobold brigands
  11 scorpions
  9 killer bees
  3 wights (D:7)
  2 howler monkeys
  2 vampire bats (Lair:5)
  An electric eel (Lair:2)
  2 centaur zombies
  2 bullfrog zombies (D:5)
  4 jellies
  2 bullfrog skeletons
  21 orc priests
  A hound (D:6)
  4 human zombies (Ossuary)
  4 centaur skeletons
  3 iguanas
  6 scorpion zombies (Ossuary)
  22 orc wizards
  6 hell rats
  A hound skeleton (D:5)
  3 mummies (Ossuary)
  10 adders
  3 gnolls (D:4)
  A shadow imp (D:7)
  3 worms
  2 dart slugs
  93 orcs
  7 ball pythons
  12 endoplasms
  13 giant cockroaches
  8 goblins
  7 hobgoblins
  4 jackals (D:4)
  20 kobolds
  6 quokkas
  8 bats
  11 frilled lizards
  4 gnoll zombies (Ossuary)
  2 goblin zombies (Ossuary)
  2 hobgoblin zombies (Ossuary)
  2 kobold zombies (Ossuary)
  An orc zombie (Ossuary)
  A bush (Lair:3)
943 creatures vanquished.

Vanquished Creatures (collateral kills)
  A hydra (D:11)
  An ugly thing (D:11)
  A manticore (D:11)
  A cyclops (D:11)
  3 centaur zombies (D:11)
  A troll (D:11)
  2 acid dragons (D:11)
  A centaur (D:11)
  An orc wizard (D:11)
  2 orcs (D:11)
14 creatures vanquished.

Vanquished Creatures (others)
  A manticore (D:14)
  2 black mambas (Snake:3)
  A polar bear (IceCv)
  32 fungi
  82 plants
  10 toadstools (D:2)
128 creatures vanquished.

Grand Total: 1085 creatures vanquished

Notes
Turn   | Place    | Note
-------+----------+-------------------------------------------
     0 | D:1      | Angani the Draconian Cinder Acolyte began the quest for the
                  | Orb.
     0 | D:1      | Reached XP level 1. HP: 19/19 MP: 2/2
   322 | D:1      | Reached XP level 2. HP: 26/26 MP: 3/3
   325 | D:1      | Learned a level 2 spell: Scorch
   742 | D:1      | Found a faded altar of an unknown god.
  1086 | D:2      | Found a shimmering blue altar of Sif Muna.
  1285 | D:2      | Reached XP level 3. HP: 33/33 MP: 0/5
  2069 | D:2      | Reached XP level 4. HP: 40/40 MP: 1/6
  2688 | D:3      | Reached XP level 5. HP: 46/46 MP: 3/8
  3091 | D:3      | Noticed a centaur
  3098 | D:3      | Killed a centaur
  3517 | D:4      | Found Peyl's General Store.
  3523 | D:4      | Bought a scroll of identify for 24 gold pieces
  3592 | D:4      | Reached XP level 6. HP: 53/53 MP: 0/10
  3602 | D:4      | Found Waashe Qawo's General Store.
  3647 | D:4      | Bought a potion of lignification for 39 gold pieces
  3717 | D:4      | Found Jonuvoqo's General Store.
  3720 | D:4      | Bought a scroll of identify for 28 gold pieces
  3801 | D:4      | Found a glowing drain.
  3836 | Sewer    | Entered a sewer
  4144 | Sewer    | Reached skill level 5 in Fighting
  4538 | Sewer    | Your scales start taking on an icy white colour.
  4538 | Sewer    | Reached XP level 7. HP: 56/61 MP: 3/12
  4538 | Sewer    | Gained mutation: Your flesh is cold resistant. (rC+) [White
                  | Draconian growth]
  4726 | D:4      | Found Mezust's Armour Shop.
  4980 | D:5      | Entered Level 5 of the Dungeon
  4980 | D:5      | Found a staircase to the Ecumenical Temple.
  5130 | D:5      | Reached skill level 5 in Unarmed Combat
  5328 | D:4      | Bought 3 scrolls of identify for 84 gold pieces
  5330 | D:4      | Identified a scroll of acquirement
  5331 | D:4      | Acquired the ring of Nodd {Wiz rN++ Str+3}
  6051 | D:5      | Reached XP level 8. HP: 70/70 MP: 9/14
  6198 | D:6      | Found a sand-covered staircase.
  6232 | Ossuary  | Entered an ossuary
  6713 | Ossuary  | Reached skill level 5 in Fire Magic
  6853 | Ossuary  | Reached skill level 5 in Spellcasting
  7445 | D:6      | Reached XP level 9. HP: 71/79 MP: 10/17
  7642 | D:6      | Learned a level 5 spell: Freezing Cloud
  8101 | D:6      | Reached skill level 1 in Conjurations
  8101 | D:6      | Reached skill level 1 in Ice Magic
  8101 | D:6      | Reached skill level 1 in Air Magic
  8256 | D:4      | Bought a +0 pair of boots of rampaging for 126 gold pieces
  8709 | D:7      | Found Syusaoq's Antique Weapon Emporium.
  8733 | D:7      | Reached skill level 2 in Ice Magic
  8866 | D:7      | Noticed Maggie
  8876 | D:7      | Killed Maggie
  8877 | D:7      | Reached skill level 3 in Ice Magic
  9412 | D:7      | Reached skill level 4 in Ice Magic
  9970 | D:8      | Reached XP level 10. HP: 88/88 MP: 4/18
 10684 | D:8      | You fall into a shaft and drop 3 floors!
 10684 | D:11     | Noticed a cyclops
 10686 | D:11     | Noticed a manticore
 10686 | D:11     | Noticed an eight-headed hydra
 10691 | D:11     | Killed an eight-headed hydra
 10692 | D:11     | Reached skill level 5 in Ice Magic
 10692 | D:11     | Noticed a white ugly thing
 10696 | D:11     | Killed a manticore
 10697 | D:11     | Reached skill level 5 in Conjurations
 10697 | D:11     | Reached skill level 6 in Ice Magic
 10697 | D:11     | Reached skill level 5 in Air Magic
 10698 | D:11     | Found a transporter.
 10698 | D:11     | Noticed Protee's ghost (journeyman DsCK)
 10700 | D:11     | Identified the +9 great mace of Arghup {flame, Dex+3}
 10700 | D:11     | Identified the +8 great mace of Arbitration {speed,
                  | *Corrode +Blink Int-3 Dex+7}
 10700 | D:11     | Noticed a two-headed ogre
 10701 | D:11     | Noticed a two-headed ogre
 10702 | D:11     | Killed a white ugly thing
 10703 | D:11     | Reached skill level 7 in Ice Magic
 10703 | D:11     | Noticed a two-headed ogre
 10706 | D:11     | Killed a cyclops
 10713 | D:11     | Reached XP level 11. HP: 94/94 MP: 1/19
 10908 | D:10     | Entered Level 10 of the Dungeon
 11299 | D:10     | Noticed Fannar
 11708 | D:10     | Found a staircase to the Orcish Mines.
 11768 | D:10     | Reached skill level 8 in Ice Magic
 12586 | D:9      | Found a bloodstained altar of Trog.
 12601 | D:9      | Noticed a two-headed ogre
 12605 | D:9      | Killed a two-headed ogre
 13260 | D:10     | Found a portal to a secret trove of treasure.
 13354 | D:10     | Killed Fannar
 13355 | D:10     | Reached skill level 9 in Ice Magic
 14120 | D:11     | Found a staircase to the Lair.
 14144 | D:11     | Noticed a two-headed ogre
 14273 | D:11     | Found a transporter.
 14497 | D:11     | Killed a two-headed ogre
 14661 | D:11     | Killed a two-headed ogre
 14665 | D:11     | Killed a two-headed ogre
 14665 | D:11     | Killed a two-headed ogre
 14874 | D:12     | Noticed a purple ugly thing
 14882 | D:12     | Killed a purple ugly thing
 14883 | D:12     | Reached skill level 10 in Ice Magic
 15378 | D:12     | Reached XP level 12. HP: 92/101 MP: 15/21
 15911 | D:12     | Noticed a two-headed ogre
 15920 | D:12     | Killed a two-headed ogre
 16007 | D:12     | Found a shadowy altar of Dithmenos.
 16280 | Lair:1   | Entered Level 1 of the Lair of Beasts
 16913 | Lair:1   | Noticed a seven-headed hydra
 16920 | Lair:1   | Killed a seven-headed hydra
 17453 | Lair:2   | Found a blossoming altar of Fedhas.
 17860 | Lair:2   | Noticed a five-headed hydra
 17866 | Lair:2   | Reached skill level 10 in Conjurations
 17867 | Lair:2   | Killed a five-headed hydra
 17868 | Lair:2   | Reached skill level 10 in Air Magic
 18019 | Lair:2   | Reached skill level 1 in Dodging
 18800 | Lair:3   | Reached XP level 13. HP: 81/108 MP: 15/25
 19703 | Lair:3   | Identified the +3 hunting sling of the Crypt {vorpal, Drain
                  | Fly rCorr SInv}
 20014 | Lair:4   | Found a staircase to the Shoals.
 21118 | Lair:4   | Found a staircase to the Snake Pit.
 21196 | Lair:4   | Identified the +8 quarterstaff of the Witching Wasp
                  | {vorpal, rPois rF++ SInv}
 21743 | Lair:5   | Reached skill level 10 in Spellcasting
 21820 | Lair:5   | Learned a level 7 spell: Spellforged Servitor
 21830 | Lair:5   | Learned a level 9 spell: Polar Vortex
 21914 | Lair:5   | Found a runed translucent door.
 21915 | Lair:5   | Noticed Udem Wok's ghost (journeyman DsGl)
 21920 | Lair:5   | Identified the +9 trident of Vaggappi {pain, *Slow rN+
                  | Dex+4 Stlth+}
 22324 | Lair:5   | Killed Udem Wok's ghost
 23183 | Lair:5   | Noticed a dire elephant
 23190 | Lair:5   | Reached skill level 10 in Fighting
 23204 | Lair:5   | Killed a dire elephant
 23205 | Lair:5   | Reached skill level 5 in Dodging
 23768 | Lair:5   | Reached XP level 14. HP: 122/122 MP: 17/28
 23933 | Lair:6   | Entered Level 6 of the Lair of Beasts
 24094 | Lair:6   | Found a staircase to the Slime Pits.
 24221 | Lair:6   | Reached skill level 10 in Unarmed Combat
 24257 | Lair:6   | Reached skill level 11 in Ice Magic
 24403 | Lair:6   | Found a frozen archway.
 24442 | IceCv    | Entered an ice cave
 25214 | IceCv    | Reached skill level 12 in Ice Magic
 26036 | IceCv    | Reached skill level 13 in Ice Magic
 26123 | IceCv    | Noticed a frost giant
 26145 | IceCv    | Killed a frost giant
 26530 | Lair:6   | Reached skill level 14 in Ice Magic
 27310 | Lair:6   | Reached XP level 15. HP: 109/128 MP: 23/29
 27397 | Lair:6   | Reached skill level 15 in Ice Magic
 29249 | Orc:1    | Entered Level 1 of the Orcish Mines
 29258 | Orc:1    | Reached skill level 16 in Ice Magic
 31012 | Orc:2    | Entered Level 2 of the Orcish Mines
 31012 | Orc:2    | Found Tehoij's General Store.
 31241 | Orc:1    | Reached skill level 17 in Ice Magic
 32009 | Orc:2    | Found Hoitocla's Assorted Antiques.
 32380 | Orc:2    | Found a staircase to the Elven Halls.
 32390 | Orc:2    | Found Qigip's Antique Armour Boutique.
 32390 | Orc:2    | Found Voyssu's Magic Scroll Shoppe.
 32396 | Orc:2    | Reached skill level 18 in Ice Magic
 32398 | Orc:2    | Found Quanta's Distillery.
 32398 | Orc:2    | Found Uwaub's Weapon Boutique.
 32917 | Orc:2    | Found Tecw's Distillery.
 32973 | Orc:2    | Bought a pair of runed gloves for 217 gold pieces
 32982 | Orc:2    | Bought a potion of curing for 45 gold pieces
 32982 | Orc:2    | Bought a potion of heal wounds for 75 gold pieces
 32982 | Orc:2    | Bought a potion of curing for 45 gold pieces
 32982 | Orc:2    | Bought a potion of brilliance for 60 gold pieces
 33210 | Orc:2    | Bought a dented ruby amulet for 150 gold pieces
 33211 | Orc:2    | Bought a potion of curing for 90 gold pieces
 33239 | Orc:2    | Bought a pair of glowing boots for 217 gold pieces
 33331 | D:13     | Found a gate to the Vaults.
 33485 | D:13     | Paralysed by an orc knight for 2 turns
 33744 | D:13     | Reached skill level 1 in Shields
 34143 | D:12     | Reached skill level 19 in Ice Magic
 34511 | D:13     | Found a runed translucent gate.
 34511 | D:13     | Found a runed translucent gate.
 34512 | D:13     | Found a runed translucent gate.
 34514 | D:13     | Noticed Yorgos's ghost (journeyman MiBe)
 34515 | D:13     | Noticed Tehoodus's ghost (journeyman TeHu)
 34869 | D:13     | Learned a level 4 spell: Dispel Undead
 35496 | D:12     | Reached skill level 1 in Necromancy
 35635 | D:13     | Reached XP level 16. HP: 128/131 MP: 17/30
 36003 | D:14     | Found an iron altar of Okawaru.
 36644 | D:15     | Entered Level 15 of the Dungeon
 37321 | D:15     | Paralysed by an orc sorcerer for 6 turns
 37492 | D:15     | Found a staircase to the Depths.
 37593 | D:15     | Reached skill level 5 in Necromancy
 38291 | D:15     | Upgraded the game from 0.29-a0-11-ga75d3d97ab to
                  | 0.29-a0-197-ge3fb4bd5a4
 38488 | Snake:1  | Entered Level 1 of the Snake Pit
 41303 | Snake:2  | Reached skill level 20 in Ice Magic
 43886 | Snake:3  | Reached XP level 17. HP: 141/141 MP: 27/33
 44003 | Snake:3  | Noticed Nikola
 44027 | Snake:3  | Noticed Vashnia
 44046 | Snake:3  | Killed from afar by a shock serpent

Illustrated notes

Levels and vault maps discovered:
D:1:      dpeg_arrival_lava_temple_mockup, layout_basic,
          ebering_ecumenical_altar_sacrificial, ebering_dispersal_statue_hall
D:2:      cheibrodos_fertilizer, layout_loops_cross, basic_altar,
          minmay_tromino_mix6
D:3:      layout_basic
D:4:      layout_rooms, cheibrodos_sewer_entry_bend, serial_shops,
          kennysheep_mini_moat, nicolae_stop_n_shop_2, nicolae_stop_n_shop_2,
          shop_fountains
D:5:      layout_loops_ring, minmay_temple_entry_tees
D:6:      layout_basic, enter_ossuary_1
D:7:      layout_basic, serial_shops, nicolae_square_shop, minmay_misc_feat_iff,
          uniq_maggie
D:8:      layout_cave_pools, chequers_serial_rivers_micro_c
D:9:      layout_loops_ring, mainiacjoe_overflow_catwalk
D:10:     layout_long_grid, erik_orc_3, nicolae_trove_entry_columns,
          minmay_misc_feat_pillars, chequers_serial_rivers_room_b,
          glass_columns_b, grunt_decor_cap, uniq_fannar
D:11:     layout_basic, lair_entry_dummy, gammafunk_ghost_smash,
          minmay_fractal_squares_diagonal_5
D:12:     layout_roguey [special_room_orc], special_room [special_room_orc],
          grunt_dithmenos_smoke
D:13:     layout_stronghold, david_vaults_3, gammafunk_ghost_cemetery,
          minmay_misc_feat_plants
D:14:     layout_big_octagon, minmay_misc_feat_roman, roderic_roman_lattice,
          okawaru_ov_weapons_minmay
D:15:     grunt_enter_depths_magical_seal, layout_cave_pools,
          serial_bayou_pond_a
Lair:1:   layout_gridlike
Lair:2:   layout_concentric_octagons, hangedman_tree_tricks, lemuel_fruit_tree,
          infiniplex_staircase_pool, serial_bayou_shore_b, lemuel_fruit_fields
Lair:3:   layout_chaotic_city, grunt_megastairs_2
Lair:4:   layout_cave_pods, elwin_shoals_entry_stream,
          minmay_snake_entry_guardpost_small, wad_woods_01
Lair:5:   layout_long_grid, ebering_ghost_funeral_grove, roderic_batcave,
          nicolae_lair_lakeside_cave
Lair:6:   guppyfry_lair_end_dragon, layout_concentric_octagons,
          hangedman_lair_caniforms_friends, slime_dummy,
          portal_ice_cave_demonic_guard
Snake:1:  layout_grid_maze, grunt_megastairs_5
Snake:2:  layout_onion_interference
Snake:3:  nicolae_snake_attic_fulla_snakes, layout_onion, uniq_vashnia,
          uniq_azrael, uniq_nikola
Orc:1:    layout_caves, elves_outpost_lemuel
Orc:2:    st_orc_ogre_mass, layout_diamond_mine, serial_shops, shop_statue,
          nicolae_square_shop, nicolae_square_shop

Skill      XL: |  1  2  3  4  5  6  7  8  9 10 11 12 13 14 15 16 |
---------------+-------------------------------------------------+-----
Fighting       | 4 5 6 7 8 10 | 10.5
Spellcasting   | 2 3 4 5 6 8 10 12 | 12.6
Unarmed Combat | 4 5 6 7 9 10 | 10.5
Fire Magic     | 4 5 |  5.9
Conjurations   | 3 6 8 10 | 10.1
Ice Magic      | 4 7 10 14 19 20 | 20.8
Air Magic      | 3 6 8 10 | 10.0
Dodging        | 2 5 6 |  6.9
Shields        | 2 |  2.1
Necromancy     | 1 5 |  5.0

Action                   |  1- 3 |  4- 6 |  7- 9 | 10-12 | 13-15 | 16-18 || total
-------------------------+-------+-------+-------+-------+-------+-------++-------
Melee: Unarmed           |    62 |    48 |   108 |   111 |   588 |   123 ||  1040
       Club              |     7 |       |       |       |       |       ||     7
       Tailslap          |     6 |     8 |    20 |    21 |   117 |    31 ||   203
       Staff             |       |     2 |       |    35 |    22 |       ||    59
       Punch             |       |     1 |     7 |     7 |    16 |       ||    31
       Quarterstaff      |       |       |       |       |     4 |    44 ||    48
 Cast: Scorch            |    23 |    83 |   185 |    86 |    62 |     7 ||   446
       Freezing Cloud    |       |       |       |    75 |   252 |   126 ||   453
       Dispel Undead     |       |       |       |       |    14 |     3 ||    17
 Abil: Breathe Frost     |       |       |     8 |    40 |    41 |    14 ||   103
Evoke: Wand              |       |       |       |     2 |     4 |     1 ||     7
       Condenser vane    |       |       |       |       |       |     1 ||     1
  Use: Scroll            |       |     6 |     9 |    15 |     4 |     5 ||    39
       Potion            |       |       |       |     1 |     5 |       ||     6
Armor: Skin              |    17 |    25 |    53 |    71 |   193 |    54 ||   413
Dodge: Dodged            |    33 |    39 |    72 |   100 |   320 |   105 ||   669
       Repelled          |       |       |       |       |    10 |    14 ||    24
Block: Other             |       |       |    40 |    37 |    56 |    19 ||   152
       Reflection        |       |       |       |     1 |    16 |    17 ||    34
       Buckler           |       |       |       |       |   171 |    79 ||   250

Table legend: (Time is in decaauts)
 A = Elapsed time spent in this place.
 B = Non-inter-level travel time spent in this place.
 C = Inter-level travel time spent in this place.
 D = Time resting spent in this place.
 E = Time spent auto-exploring this place.
 F = Levels seen in this place.
 G = Mean time per level.
                   A        B        C        D        E       F      G
               +--------+--------+--------+--------+--------+-----+--------+
         Total |  43941 |  42243 |   1698 |  19968 |  14212 |  29 | 1515.2 |
       Dungeon |  19792 |  18844 |    948 |   7638 |   7481 |  15 | 1319.5 |
          Lair |  11093 |  10710 |    383 |   5028 |   3813 |   6 | 1848.8 |
     Snake Pit |   5442 |   5327 |    115 |   2845 |   1831 |   3 | 1814.0 |
  Orcish Mines |   3584 |   3333 |    251 |   1749 |    968 |   2 | 1792.0 |
         Sewer |    864 |    864 |      0 |    506 |    117 |   1 |  864.0 |
       Ossuary |   1182 |   1182 |      0 |    797 |      0 |   1 | 1182.0 |
      Ice Cave |   1981 |   1981 |      0 |   1404 |      0 |   1 | 1981.0 |
               +--------+--------+--------+--------+--------+-----+--------+

Top non-repeatable levels by time:
  Lair:6: 3112 daAuts
 Snake:1: 2652 daAuts
   Orc:1: 2524 daAuts
    D:10: 2390 daAuts
 Snake:2: 2333 daAuts
  Lair:5: 2306 daAuts
   IceCv: 1981 daAuts
  Lair:4: 1980 daAuts
    D:12: 1866 daAuts
    D:11: 1733 daAuts
    D:13: 1705 daAuts
     D:2: 1501 daAuts
     D:7: 1448 daAuts
     D:5: 1436 daAuts
  Lair:2: 1366 daAuts
